 Dungeon Crawl Stone Soup version 0.32-a0-975-g85d4e5bfdb (webtiles) character file.

Game seed: 4848267437658169113

547 Autsider the Sneak (level 7, -2/33 HPs)
             Began as a Vine Stalker Enchanter on Apr 19, 2024.
             Was an Initiate of Wu Jian.
             Slain by an unseen horror (6 damage)
             ... on level 7 of the Dungeon.
             The game lasted 00:14:52 (3949 turns).

Autsider the Sneak (Vine Stalker Enchanter)         Turns: 3949, Time: 00:14:53

Health: -2/33      AC:  4    Str: 11    XL:     7   Next: 28%
Magic:  0/13       EV: 12    Int: 17    God:    Wu Jian [......]
Gold:   219        SH:  0    Dex: 14    Spells: 5/13 levels left

rFire   . . .        a - +1 dagger
rCold   . . .        m - orb {guile}
rNeg    . . .        b - +0 robe
rPois   .            t - +0 helmet
rElec   .            j - scarf {shadows}
rCorr   .            h - +0 pair of gloves
SInv    .            (no boots)
Will    .....        (no amulet)
Stlth   +++          (no ring)
HPRegen 1.05/turn    (no ring)
MPRegen 0.13/turn

%: guardian spirit
@: invisible
A: fangs 2, regeneration 1, magic shield, antimagic bite, no potion heal 2
a: Renounce Religion


You were on level 7 of the Dungeon.
You worshipped Wu Jian.
Wu Jian was noncommittal.
You visited 2 branches of the dungeon, and saw 7 of its levels.

You collected 219 gold pieces.

Inventory:

Hand Weapons
 a - a +1 dagger (weapon)
Missiles
 k - 11 boomerangs (quivered)
 p - 4 curare-tipped darts
 E - 4 poisoned darts
Armour
 b - a +0 robe (worn)
 h - a +0 pair of gloves (worn)
 i - a +1 ring mail of poison resistance
 j - a scarf of shadows (worn)
 m - an orb of guile (worn)
 t - a +0 helmet (worn)
 C - the +5 scale mail of a bailey {rPois}
   (You found it on level 4 of the Dungeon)

   rPois:     It protects you from poison.
Jewellery
 B - a +6 ring of intelligence
Talismans
 x - a maw talisman
Wands
 q - a wand of paralysis (3)
 v - a wand of digging (5)
 w - a wand of flame (15)
 F - a wand of polymorph (9)
Scrolls
 e - a scroll of enchant armour {unknown}
 g - a scroll of amnesia {unknown}
 l - a scroll of butterflies {unknown}
 n - a scroll of teleportation {unknown}
 o - 2 scrolls of fear {unknown}
 r - 2 scrolls of noise {unknown}
 u - 2 scrolls of fog {unknown}
 y - 2 scrolls of identify {unknown}
 D - a scroll of enchant weapon {unknown}
Potions
 d - 3 potions of cancellation {unknown}
 f - 4 potions of curing {unknown}
 s - 2 potions of brilliance {unknown}
 z - a potion of attraction {unknown}
 A - a potion of haste {unknown}


   Skills:
 + Level 1.3 Fighting
 + Level 3.7 Short Blades
 - Level 3.0 Dodging
 + Level 5.5 Stealth
 + Level 3.5 Spellcasting
 + Level 3.4 Hexes
 - Level 2.0 Ice Magic


You had 5 spell levels left.
You knew the following spells:

 Your Spells              Type           Power      Damage    Failure   Level
a - Ensorcelled Hibernat  Hex/Ice        24%        N/A       9%          2
b - Confusing Touch       Hex            14%        N/A       12%         3
c - Tukima's Dance        Hex            14%        N/A       12%         3

Your spell library contained the following spells:

 Spells                   Type           Power      Damage    Failure   Level
 Dazzling Flash           Conj/Hex       16%        N/A       24%         3
 Cigotuvi's Dreadful Rot  Necr/Alch/Air  4%         N/A       26%         2
 Ignite Poison            Fire/Alch      2%         N/A       86%         4
 Freezing Cloud           Conj/Ice/Air   2%         6-21      98%         5


Dungeon Overview and Level Annotations

Branches:
Dungeon (5/15)             Temple (1/1) D:4

Altars:
Cheibriados
Elyvilon
Makhleb
Nemelex Xobeh
Okawaru
Qazlal
Ru
Sif Muna
Trog
Uskayaw
Vehumet
Wu Jian
Xom
Zin


Innate Abilities, Weirdness & Mutations

You have extremely sharp teeth.
Your natural rate of healing is unusually fast.
When hurt, damage is shared between your health and your magic reserves.
Your bite disrupts and absorbs the magic of your enemies.
Potions cannot restore your health.


Message History

You are too injured to fight recklessly!
You are too injured to fight recklessly!
You are too injured to fight recklessly!
You are too injured to fight recklessly!
You are too injured to fight recklessly!
You are too injured to fight recklessly!
You are too injured to fight recklessly!
The phantom attacks as it pursues you! The phantom hits you.
The phantom blinks!
You blink.
You closely miss the phantom. You bite the phantom. You drain its power.
You feel invigorated.
The phantom is severely damaged.
The phantom closely misses you.
You barely miss the phantom. You bite the phantom, but do no damage.
The phantom is severely damaged.
You closely miss the phantom.
The phantom is severely damaged.
Something hits you!
* * * LOW HITPOINT WARNING * * *
The phantom completely misses you.
You hit the phantom. Your bite misses the phantom.
The phantom is severely damaged.
Something hits you!
* * * LOW HITPOINT WARNING * * *
The phantom hits you.
* * * LOW HITPOINT WARNING * * *
You hit the phantom. Your bite misses the phantom.
The phantom is severely damaged.
Something hits you.
* * * LOW HITPOINT WARNING * * *
The phantom closely misses you.
Okay, then.
You fade into invisibility!
Something hits you!
* * * LOW HITPOINT WARNING * * *
The phantom hits you.
* * * LOW HITPOINT WARNING * * *
The phantom blinks!
You blink.
Something hits you.
You die...

#.##.##.# ###..#.#.
#.##.##.# .......#
#.......# ###..#.#.
#...§...###
#........
##...§{.W.#
#.#......
#.....##.#### #
##.#..#
#...........#
...#..#
#####.##.##.#
.####.(#
#######.##@# . ...#
..#.......##.......
...#
#.#.#####.#####....
#..##...§.........
##.......###### ..
#..##....# .
#.......#
####?.#### #{§....#


You could see a phantom (unable to see you).

Vanquished Creatures
  An ogre (D:4)
  2 phantoms (D:4)
  A scorpion (D:2)
  A howler monkey (D:2)
  An orc priest (D:7)
  An iguana (D:3)
  A gnoll (D:1)
  7 adders
  2 dart slugs
  3 orcs
  5 ball pythons
  8 bats
  8 endoplasms
  2 giant cockroaches
  12 goblins
  7 hobgoblins
  7 jackals
  3 quokkas
  2 frilled lizards (D:2)
  6 kobolds
  6 rats
  A butterfly (D:4)
87 creatures vanquished.

Notes
Turn   | Place    | Note
-------+----------+-------------------------------------------
     0 | D:1      | Autsider the Vine Stalker Enchanter began the quest for the
                  | Orb.
     0 | D:1      | Reached XP level 1. HP: 9/9 MP: 4/4
    11 | D:1      | Reached skill level 1 in Short Blades
   137 | D:1      | Reached XP level 2. HP: 13/13 MP: 6/6
   173 | D:1      | Learned a level 2 spell: Ensorcelled Hibernation
   177 | D:1      | Found a faded altar of an unknown god.
   214 | D:1      | Reached skill level 4 in Stealth
   379 | D:1      | Reached XP level 3. HP: 6/16 MP: 2/7
   660 | D:2      | Reached skill level 1 in Ice Magic
   660 | D:2      | Reached XP level 4. HP: 21/21 MP: 8/8
   962 | D:2      | Found a burning altar of Makhleb.
  1092 | D:2      | Reached XP level 5. HP: 4/24 MP: 0/10
  1679 | D:3      | Found a hide-covered altar of Uskayaw.
  1885 | D:3      | Reached skill level 5 in Stealth
  2032 | D:3      | Found a white marble altar of Elyvilon.
  2129 | D:3      | Reached XP level 6. HP: 28/28 MP: 11/11
  2454 | D:4      | Learned a level 3 spell: Confusing Touch
  2458 | D:4      | Learned a level 3 spell: Tukima's Dance
  2693 | D:4      | Found a staircase to the Ecumenical Temple.
  2703 | Temple   | Entered the Ecumenical Temple
  2707 | Temple   | Became a worshipper of the Wu Jian Council
  3174 | D:4      | Reached skill level 1 in Fighting
  3174 | D:4      | Reached XP level 7. HP: 16/33 MP: 0/13
  3323 | D:4      | Identified the +5 scale mail of a bailey {rPois}
  3701 | D:5      | Entered Level 5 of the Dungeon
  3787 | D:5      | You fall into a shaft and drop 2 floors!
  3949 | D:7      | Slain by an unseen horror

Illustrated notes

Levels and vault maps discovered:
D:1:      scummos_arrival_simple_crosswalls, layout_rooms,
          basic_ecumenical_altar
D:2:      layout_loops_ring, serial_bayou, serial_bayou_pond_c,
          serial_bayou_shore_a, serial_bayou_pond_e, serial_bayou_pond_e,
          basic_altar
D:3:      minmay_angry_zag, layout_basic, mainiacjoe_overflow_boulevard,
          mainiacjoe_overflow_catwalk, minmay_randomly_rotated_circles
D:4:      layout_basic, minmay_temple_entry_butterflies
D:5:      layout_loops_ring, mainiacjoe_overflow_cross_hatched,
          minmay_misc_feat_five, minmay_small_thing
D:7:      layout_loops_cross, gammafunk_ghost_smash,
          chequers_serial_rivers_room_a, uniq_joseph
Temple:   hellmonk_temple_two_chambers

Skill      XL: |  1  2  3  4  5  6 |
---------------+-------------------+-----
Short Blades   | 1 2 3 |  3.7
Stealth        | 4 5 |  5.5
Dodging        | 2 3 |  3.0
Ice Magic      | 1 2 |  2.0
Spellcasting   | 3 |  3.5
Fighting       | 1 |  1.3
Hexes          | |  3.4

Action                     |  1- 3 |  4- 6 |  7- 9 || total
---------------------------+-------+-------+-------++-------
  Melee: Dagger            |    81 |   155 |    40 ||   276
         Bite              |    26 |    37 |    16 ||    79
   Cast: Ensorcelled Hiber |       |    10 |       ||    10
Ability: Lunge             |       |     6 |     6 ||    12
    Use: Potion            |       |     1 |     1 ||     2
   Stab: Sleeping          |     5 |    22 |     3 ||    30
 Armour: Robe              |    36 |    74 |    23 ||   133
  Dodge: Dodged            |    53 |    75 |    12 ||   140

Table legend: (Time is in decaauts)
 A = Elapsed time spent in this place.
 B = Non-inter-level travel time spent in this place.
 C = Inter-level travel time spent in this place.
 D = Time resting spent in this place.
 E = Time spent auto-exploring this place.
 F = Levels seen in this place.
 G = Mean time per level.
                   A        B        C        D        E       F      G
               +--------+--------+--------+--------+--------+-----+--------+
         Total |   3939 |   3645 |    294 |    132 |   2666 |   7 |  562.7 |
       Dungeon |   3929 |   3635 |    294 |    132 |   2666 |   6 |  654.8 |
        Temple |      9 |      9 |      0 |      0 |      0 |   1 |    9.0 |
               +--------+--------+--------+--------+--------+-----+--------+

Top non-repeatable levels by time:
     D:4: 1261 daAuts
     D:2: 990 daAuts
     D:3: 828 daAuts
     D:1: 607 daAuts
     D:7: 157 daAuts
     D:5: 85 daAuts
  Temple: 9 daAuts
